 Dungeon Crawl Stone Soup version 0.29.1-13-g9f3cf754e1 (webtiles) character file.

Game seed: 15139077468423879410

36 DemonSlayer the Digger (level 3, 0/24 HPs)
             Began as a Demonspawn Earth Elementalist on Jan 26, 2023.
             Slain by a gnoll
             ... wielding a +0 flail of protection
              (1 damage)
             ... on level 2 of the Dungeon.
             The game lasted 00:01:13 (724 turns).

DemonSlayer the Digger (DsEE)                        Turns: 724, Time: 00:01:15

Health: 0/24       AC:  2    Str: 10    XL:     3   Next: 19%
Magic:  5/6        EV: 12    Int: 16    God:
Gold:   55         SH:  0    Dex: 13    Spells: 5/6 levels left

rFire   . . .      SeeInvis .   e - +2 dagger (flame)
rCold   . . .      Faith    .   (no shield)
rNeg    . . .      Spirit   .   a - +0 robe
rPois   .          Reflect  .   (no helmet)
rElec   .          Harm     .   (no cloak)
rCorr   .          Rampage  .   (no gloves)
Will    .....                   (no boots)
Stlth   ++........              (no amulet)
HPRegen 0.08/turn               (no ring)
MPRegen 0.10/turn               (no ring)

@: no status effects
A: foul stench 1
a: no special abilities


You were on level 2 of the Dungeon.
You visited 1 branch of the dungeon, and saw 2 of its levels.

You collected 55 gold pieces.

Inventory:

Hand Weapons
 e - a +2 dagger of flaming (weapon)
Armour
 a - a +0 robe (worn)
Scrolls
 d - a scroll of vulnerability {unknown}
 f - a scroll of blinking {unknown}
Potions
 c - a potion of ambrosia {unknown}
 g - a potion of resistance {unknown}


   Skills:
 + Level 0.2 Short Blades
 + Level 2.1 Dodging
 + Level 1.8 Stealth
 + Level 2.4 Spellcasting
 + Level 0.9 Transmutations
 + Level 3.3 Earth Magic


You had 5 spell levels left.
You knew the following spells:

 Your Spells              Type           Power      Damage    Failure   Level
a - Sandblast             Erth           24%        2d8       4%          1

Your spell library contained the following spells:

 Spells                   Type           Power      Damage    Failure   Level
 Passwall                 Tmut/Erth      6%         N/A       12%         2
 Stone Arrow              Conj/Erth      14%        3d7       30%         3
 Petrify                  Tmut/Erth      8%         N/A       63%         4


Dungeon Overview and Level Annotations

Branches:
Dungeon (2/15)

Altars:


Innate Abilities, Weirdness & Mutations

You may rarely emit foul miasma when damaged in melee.


Message History

The gnoll is severely wounded.
The gnoll shouts!
The blast of sand hits the gnoll!
You kill the gnoll!
The blast of sand hits the gnoll!
You kill the gnoll!
You have reached level 3!
Your experience leads to an increase in your attributes!
Increase (S)trength, (I)ntelligence, or (D)exterity?
You feel stronger. x2
The blast of sand hits the gnoll but does no damage.
The blast of sand hits the gnoll but does no damage.
The gnoll hits you with a +0 flail of protection!
You are out of magic!
You are out of magic!
You are out of magic!
Magic courses through your body.
The gnoll hits you with a +0 flail of protection.
You are too injured to fight recklessly!
You are too injured to fight recklessly!
You are too injured to fight recklessly!
You are too injured to fight recklessly!
Casting: Sandblast (safe; 4% risk of failure)
Confirm with . or Enter, or press ? or * to list all spells.
Aiming: Sandblast (safe; 4% risk of failure)
Press: ? - help, Shift-Dir - straight line, f/p - gnoll
Aim: a gnoll, wielding a +0 flail of protection (84% to hit)
The blast of sand hits the gnoll but does no damage.
The gnoll hits you with a +0 flail of protection!
* * * LOW HITPOINT WARNING * * *
Unknown command.
Casting: Sandblast (safe; 4% risk of failure)
Confirm with . or Enter, or press ? or * to list all spells.
Aiming: Sandblast (safe; 4% risk of failure)
Press: ? - help, Shift-Dir - straight line, f/p - gnoll
Aim: a gnoll, wielding a +0 flail of protection (84% to hit)
The blast of sand hits the gnoll.
The gnoll is moderately wounded.
The gnoll hits you with a +0 flail of protection.
You die...

#.# #.# # #.#
#.#.# .#)## .).
.#.####g######.
....<..@.......
.###.####.#######
.................
.###.###..#######
....†.)..#
##..#.##.#
....#.##.#
#...><.# ######.#


You could see a gnoll.

Vanquished Creatures
  2 gnolls (D:2)
  A dart slug (D:1)
  A giant cockroach (D:1)
  2 goblins (D:1)
  A hobgoblin (D:1)
  2 quokkas (D:1)
  2 ball pythons (D:1)
  2 bats
  A frilled lizard (D:1)
  2 kobolds
  A rat (D:1)
17 creatures vanquished.

Notes
Turn   | Place    | Note
-------+----------+-------------------------------------------
     0 | D:1      | DemonSlayer the Demonspawn Earth Elementalist began the
                  | quest for the Orb.
     0 | D:1      | Reached XP level 1. HP: 13/13 MP: 3/3
   200 | D:1      | Gained mutation: You may rarely emit foul miasma when
                  | damaged in melee. [demonic ancestry]
   200 | D:1      | Reached XP level 2. HP: 16/19 MP: 3/5
   272 | D:1      | Reached skill level 3 in Earth Magic
   720 | D:2      | Reached XP level 3. HP: 24/24 MP: 2/6
   723 | D:2      | HP: 1/24 [gnoll/+0 flail of protection (11)]
   724 | D:2      | Slain by a gnoll

Illustrated notes

Levels and vault maps discovered:
D:1:      tarquinn_simple_flora_water_a, layout_basic, minmay_surrounded
D:2:      layout_basic, basic_altar, eino_curves_03

Skill      XL: |  1  2 |
---------------+-------+-----
Dodging        | 2 |  2.1
Earth Magic    | 3 |  3.3
Short Blades   | |  0.2
Stealth        | |  1.8
Spellcasting   | |  2.4
Transmutations | |  0.9

Action                   || total
-------------------------++-------
Melee: Dagger            ||    19
       Unarmed           ||     1
 Cast: Sandblast         ||    17
  Use: Potion            ||     1
Armor: Robe              ||     6
Dodge: Dodged            ||    16
